 Dungeon Crawl Stone Soup version 0.29-a0-559-g359e09b9d1 (webtiles) character file.

Game seed: 7475551638485785971

105 cheechan the Chiller (level 4, -9/27 HPs)
             Began as an Octopode Ice Elementalist on June 9, 2022.
             Killed by divine providence
             ... invoked by an orc priest
              (16 damage)
             ... on level 3 of the Dungeon.
             The game lasted 00:09:02 (2831 turns).

cheechan the Chiller (Octopode Ice Elementalist)    Turns: 2831, Time: 00:09:03

Health: -9/27      AC:  1    Str:  9    XL:     4   Next: 83%
Magic:  14/17      EV: 14    Int: 17    God:
Gold:   130        SH:  0    Dex: 18    Spells: 1/8 levels left

rFire   . . .      SeeInvis +   b - +1 dagger (freeze)
rCold   + . .      Faith    .   (no shield)
rNeg    . . .      Spirit   .   (helmet restricted)
rPois   .          Reflect  .   (no amulet)
rElec   +          Harm     .   c - ring of Kolar {rElec MP+9 Str+2 Dex-2 Slay+3}
rCorr   .          Rampage  .   g - ring of see invisible
Will    .....                   e - ring of protection from cold
Stlth   ++++......              n - +6 ring of dexterity
HPRegen 0.09/turn               (no ring)
MPRegen 0.15/turn               (no ring)
                                (no ring)
                                (no ring)

@: freezing walls
A: almost no armour, amphibious, 8 rings, camouflage 1, gelatinous body 1,
(nimble swimmer 1), tentacles
a: no special abilities


You were on level 3 of the Dungeon.
You visited 1 branch of the dungeon, and saw 3 of its levels.

You collected 130 gold pieces.

Inventory:

Hand Weapons
 b - a +1 dagger of freezing (weapon)
 j - the +9 hunting sling "Hatunoz" {venom, MP-9 Str+5 Dex+4}
   (You found it on level 2 of the Dungeon)

   Any ammunition fired from it poisons the flesh of those it strikes.
   Str:       It affects your strength (+5).
   Dex:       It affects your dexterity (+4).
   MP:        It affects your magic capacity (-9).
Missiles
 i - 8 poisoned darts
 k - a throwing net
 m - 5 silver javelins
Jewellery
 c - the ring of Kolar (left tentacle) {rElec MP+9 Str+2 Dex-2 Slay+3}
   (You acquired it on level 2 of the Dungeon)

   [ring of magical power]

   Str:       It affects your strength (+2).
   Dex:       It affects your dexterity (-2).
   Slay:      It affects your accuracy & damage with ranged weapons and melee
   (+3).
   rElec:     It insulates you from electricity.
   MP:        It affects your magic capacity (+9).
 e - a ring of protection from cold (on tentacle)
 g - a ring of see invisible (right tentacle)
 n - a +6 ring of dexterity (on tentacle)
Wands
 h - a wand of iceblast (4) (quivered)
Scrolls
 f - a scroll of teleportation
 l - a scroll of identify
Potions
 a - a potion of magic
 d - 2 potions of ambrosia


   Skills:
 + Level 2.9 Dodging
 + Level 4.1 Stealth
 + Level 2.7 Spellcasting
 + Level 4.6 Ice Magic


You had one spell level left.
You knew the following spells:

 Your Spells              Type           Power      Damage    Failure   Level
a - Freeze                Ice            72%        1d9       2%          1
b - Frozen Ramparts       Ice            36%        1d5       9%          3
c - Ozocubu's Armour      Ice            18%        N/A       9%          3

Your spell library contained the following spells:

 Spells                   Type           Power      Damage    Failure   Level
 Hailstorm                Conj/Ice       10%        3d5       56%         4


Dungeon Overview and Level Annotations

Branches:
Dungeon (3/15)

Altars:
Nemelex Xobeh


Innate Abilities, Weirdness & Mutations

You cannot wear most types of armour.
You are amphibious.
You can wear up to eight rings at the same time.
Your skin changes colour to match your surroundings (Stealth+).
Your rubbery body absorbs attacks. (AC +1, EV +1)
((You are camouflaged when in or above water. (Stealth+)))
You have tentacles for arms and can constrict up to eight enemies at once.


Message History

You are very lightly contaminated with residual magic.
A chill runs through your body. You resist.
* * * LOW HITPOINT WARNING * * *
The wall freezes the orc.
The orc closely misses you.
Casting: Ozocubu's Armour (quite dangerous; 9% risk of failure)
Confirm with . or Enter, or press ? or * to list all spells.
The spell is quite dangerous to miscast (9% risk of failure)!
Continue anyway?
A film of ice covers your body!
Your surroundings suddenly seem different.
Your icy armour cracks and falls away as you move.
The frozen ramparts melt away as you move.
Your magical contamination has completely faded away.
You start resting.
Magic restored.
You start resting.
An orc is nearby!
The orc shouts!
You hear a shout!
The orc priest shouts!
The orc shouts!
You puncture the orc! You freeze the orc.
You kill the orc!
Casting: Ozocubu's Armour (quite dangerous; 9% risk of failure)
Confirm with . or Enter, or press ? or * to list all spells.
The spell is quite dangerous to miscast (9% risk of failure)!
Continue anyway?
Casting: Frozen Ramparts (quite dangerous; 9% risk of failure)
Press: ? - help, Dir - look around, f - activate
Okay, then.
The orc priest mumbles some strange prayers to Beogh against you.
Pain shoots through your body!
* * * LOW HITPOINT WARNING * * *
You see here a +0 whip.
Casting: Frozen Ramparts (quite dangerous; 9% risk of failure)
Confirm with . or Enter, or press ? or * to list all spells.
The spell is quite dangerous to miscast (9% risk of failure)!
Continue anyway?
Casting: Frozen Ramparts (quite dangerous; 9% risk of failure)
Press: ? - help, Dir - look around, f - activate The walls around you are covered in ice.
The orc priest mumbles some strange prayers to Beogh against you.
Beogh smites you!
Ouch! That really hurt!
You die...

..########.............##
#. ..# #.########..### #.
..# #.# #.....# #. ..###
#.# #.##.## #.
....######.# #.##.# ##
...........# #.##.##
..o.######## #.#...#
oo)## #.#.#.# .o.#
#@#...# ########## $..#
#.##.## #......... #..#
#.##.# #.######.. ##..
#.##.# #.##...... ...
#####o##.####.##......
>..
#...oo^.....#.##......
###..##.#####.#.###.##..
.....##.####....###.###.
####.#.....#........#....


You could see an orc priest and 2 orcs.

Vanquished Creatures
  4 adders
  2 worms (D:2)
  6 orcs (D:3)
  5 ball pythons
  5 bats
  An endoplasm (D:2)
  4 giant cockroaches
  8 goblins
  7 hobgoblins
  2 quokkas
  A frilled lizard (D:3)
  5 kobolds
  3 rats
53 creatures vanquished.

Notes
Turn   | Place    | Note
-------+----------+-------------------------------------------
     0 | D:1      | cheechan the Octopode Ice Elementalist began the quest for
                  | the Orb.
     0 | D:1      | Reached XP level 1. HP: 11/11 MP: 3/3
   310 | D:1      | Reached XP level 2. HP: 12/17 MP: 0/5
   846 | D:1      | Reached XP level 3. HP: 16/21 MP: 4/6
  1114 | D:2      | Learned a level 3 spell: Frozen Ramparts
  1390 | D:2      | Found a faded altar of an unknown god.
  1397 | D:2      | Identified a scroll of acquirement
  1397 | D:2      | Acquired the ring of Kolar {rElec MP+9 Str+2 Dex-2 Slay+3}
  1441 | D:2      | Reached XP level 4. HP: 4/27 MP: 3/7
  1705 | D:2      | Learned a level 3 spell: Ozocubu's Armour
  1783 | D:2      | Identified the +9 hunting sling "Hatunoz" {venom, MP-9
                  | Str+5 Dex+4}
  2609 | D:3      | Found a sparkling altar of Nemelex Xobeh.
  2831 | D:3      | Killed from afar by an orc priest

Illustrated notes

Levels and vault maps discovered:
D:1:      ncdulo_halloftheorcs, layout_rooms
D:2:      layout_loops_cross, shapermc_ecumenical_altar_notcrosses, st_stairs_2
D:3:      layout_loops_ring, nemelex_spade_bored_becter

Skill      XL: |  1  2  3  4 |
---------------+-------------+-----
Stealth        | 3 4 |  4.1
Dodging        | |  2.9
Spellcasting   | |  2.7
Ice Magic      | |  4.6

Action                   |  1- 3 |  4- 6 || total
-------------------------+-------+-------++-------
Melee: Unarmed           |    10 |       ||    10
       Constrict         |     7 |     3 ||    10
       Tentacles         |     5 |     3 ||     8
       Dagger            |    13 |    15 ||    28
Throw: Dart              |       |     4 ||     4
 Cast: Freeze            |    30 |     9 ||    39
       Frozen Ramparts   |     4 |     3 ||     7
       Ozocubu's Armour  |       |     1 ||     1
Evoke: Wand              |       |     1 ||     1
  Use: Scroll            |     6 |     3 ||     9
 Stab: Sleeping          |     4 |     4 ||     8
Armor: Skin              |     2 |     3 ||     5
Dodge: Dodged            |    19 |    18 ||    37

Table legend: (Time is in decaauts)
 A = Elapsed time spent in this place.
 B = Non-inter-level travel time spent in this place.
 C = Inter-level travel time spent in this place.
 D = Time resting spent in this place.
 E = Time spent auto-exploring this place.
 F = Levels seen in this place.
 G = Mean time per level.
                   A        B        C        D        E       F      G
               +--------+--------+--------+--------+--------+-----+--------+
         Total |   2828 |   2828 |      0 |   1023 |      0 |   3 |  942.7 |
       Dungeon |   2828 |   2828 |      0 |   1023 |      0 |   3 |  942.7 |
               +--------+--------+--------+--------+--------+-----+--------+

Top non-repeatable levels by time:
     D:2: 1172 daAuts
     D:1: 966 daAuts
     D:3: 689 daAuts
